 Dungeon Crawl Stone Soup version 0.17-a0-1793-gcbb3aa1 (webtiles) character file.

4236 abixa the Grappler (level 10, -1/83 (84) HPs)
             Began as a Ghoul Monk on Sept 9, 2015.
             Was a Priest of Makhleb.
             Slain by a yak (5 damage)
             ... on level 7 of the Dungeon.
             The game lasted 00:29:25 (7363 turns).

abixa the Grappler (Ghoul Monk)                     Turns: 7363, Time: 00:29:25

HP:   -1/83 (84)    AC: 11    Str: 16    XL:     10   Next: 30%
MP:   13/13         EV: 11    Int:  5    God:    Makhleb [***...]
Gold: 362           SH:  0    Dex: 14    Spells: 0 memorised, 9 levels left

rFire  . . .     SeeInvis .       - Unarmed
rCold  + . .     Clarity  .     v - +1 scale mail {MR+}
rNeg   + + +     SustAt   .     (no shield)
rPois  ∞         Gourm    .     (no helmet)
rElec  .         Spirit   .     h - +0 cloak
rCorr  .         Warding  .     O - +0 pair of gloves
rMut   +         Stasis   .     (no boots)
MR     +....                    F - amulet of resist mutation
Stlth  +.........               (no ring)
                                (no ring)

@: rotting, somewhat resistant to hostile enchantments, very unstealthy
A: rotting body, claws 1, carnivore 3, cold resistance 1, negative energy
resistance 3, slow healing 1, torment resistance, unbreathing
a: Minor Destruction, Lesser Servant of Makhleb, Renounce Religion


You were on level 7 of the Dungeon.
You worshipped Makhleb.
Makhleb was most pleased with you.
You were not hungry.

You visited 2 branches of the dungeon, and saw 9 of its levels.
You also visited: Ossuary.

You collected 362 gold pieces.

Inventory:

Hand weapons
 B - a +0 halberd
 K - a +0 trident
Missiles
 a - 23 poisoned needles
 c - 282 stones (quivered)
 i - 2 throwing nets
 o - 8 tomahawks
 z - 108 arrows
 N - 14 arrows of dispersal
 P - 31 bolts
Armour
 h - a +0 cloak (worn)
 v - a +1 scale mail of magic resistance (worn)
 O - a +0 pair of gloves (worn)
Jewellery
 F - an amulet of resist mutation (around neck)
 I - an uncursed ring of ice
 J - an uncursed ring of wizardry
Magical devices
 M - a wand of magic darts (14)
Scrolls
 d - 4 scrolls of amnesia
 l - 2 scrolls of recharging
 p - 2 scrolls of enchant weapon {unknown}
 q - 2 scrolls of fog
 r - a scroll of identify
 t - 2 scrolls of teleportation
 u - a scroll of immolation {unknown}
 y - a scroll of blinking {unknown}
 A - 2 scrolls of noise
 C - 7 scrolls of remove curse
 D - 2 scrolls of magic mapping
 L - 2 scrolls of enchant armour
Potions
 e - 2 potions of agility
 g - a potion of cancellation {unknown}
 j - 2 potions of poison {unknown}
 m - 4 potions of brilliance
 n - a potion of haste {unknown}
 s - 3 potions of flight {unknown}
 w - 4 potions of curing
 x - 3 potions of might
 G - a potion of heal wounds {unknown}
Books
 E - a book of Burglary

   Spells                             Type                      Level
   a - Swiftness                      Charms/Air                   2
   b - Passwall                       Transmutation/Earth          3
   c - Passage of Golubria            Translocation                4
   d - Lee's Rapid Deconstruction     Earth                        5
   e - Darkness                       Hexes                        6
   f - Invisibility                   Hexes                        6
 Q - a book of Annihilations

   Spells                             Type                      Level
   a - Poison Arrow                   Conjuration/Poison           6
   b - Chain Lightning                Conjuration/Air              8
   c - Lehudib's Crystal Spear        Conjuration/Earth            8
   d - Glaciate                       Conjuration/Ice              9
   e - Fire Storm                     Conjuration/Fire             9
 R - a book of Fire

   Spells                             Type                      Level
   a - Ignite Poison                  Fire/Transmutation/Poison    3
   b - Fireball                       Conjuration/Fire             5
   c - Bolt of Fire                   Conjuration/Fire             6
   d - Delayed Fireball               Conjuration/Fire             7
   e - Ring of Flames                 Charms/Fire                  7
 S - the Handbook of Supportive Snow
   (You found it on level 7 of the Dungeon)

   Spells                             Type                      Level
   a - Freeze                         Ice                          1
   b - Summon Small Mammal            Summoning                    1
   c - Ozocubu's Armour               Charms/Ice                   3
   d - Metabolic Englaciation         Hexes/Ice                    5
   e - Summon Hydra                   Summoning                    7
Comestibles
 b - 4 meat rations
 f - 2 slices of pizza
 H - a beef jerky


   Skills:
 + Level 6.7 Fighting
 + Level 5.5 Armour
 - Level 4.0 Dodging
 - Level 2.1 Stealth
 + Level 11.5 Unarmed Combat
 + Level 6.6 Invocations


You had 9 spell levels left.
You didn't know any spells.

Dungeon Overview and Level Annotations

Branches:
Dungeon (8/15)             Temple (1/1) D:7
   Lair: D:8-11

Altars:
Ashenzari
Dithmenos
Gozag
Kikubaaqudgha
Makhleb
Nemelex Xobeh
Okawaru
Ru
Trog
Vehumet
Xom
Yredelemnul
The Shining One
Lugonu

Shops:
D:7 !


Innate Abilities, Weirdness & Mutations

Your body is rotting away.
You thrive on raw meat.
You are immune to poison.
You have sharp fingernails.
You are carnivorous and can eat meat at any time.
Your flesh is cold resistant.
You are immune to negative energy.
You heal slowly when monsters are visible.
You are immune to unholy pain and torment.
You can survive without breathing.


Message History

You hit the yak.
The yak is moderately wounded.
The yak gores you but does no damage.
You hit the yak. You punch the yak.
The yak is heavily wounded.
The yak closely misses you.
You hit the yak.
The yak is severely wounded.
The yak gores you.
* * * LOW HITPOINT WARNING * * *
You hit the yak but do no damage.
The yak is heavily wounded.
You barely miss the yak.
The yak is heavily wounded.
The yak gores you.
* * * LOW HITPOINT WARNING * * *
You punch the yak!
The yak is almost dead.
The yak gores you.
You die...

....# #.# ###^# #.#
#.# #.#
#.############.#
#.##...........#
#.##.###########
###.##.#############
.........>.........#
.......##########@##
....<..# #......#Y#
.......# #.####.#.#
...%...###....#.#.#
...#..........#.#.#
####.#.########.#†#
.....#........#.#.##
#######.#####.#....#
..#.........#.###..#


You could see a yak.

Vanquished Creatures
  A death yak (D:7)
  A yak (D:7)
  A basilisk (D:6)
  2 hungry ghosts
  A wolf (D:8)
  An orc warrior (D:6)
  3 sky beasts (D:7)
  2 phantoms (D:4)
  A centaur (D:6)
  2 ice beasts
  A black bear (D:6)
  A water moccasin (D:7)
  An elf zombie (Ossuary)
  4 ogres
  3 giant frogs
  2 scorpions (D:6)
  An electric eel (D:7)
  A crimson imp (D:8)
  2 orc priests
  A giant frog zombie (D:8)
  2 human zombies (Ossuary)
  4 jellies
  4 orc wizards
  2 hounds
  3 iguanas
  8 worker ants
  A killer bee zombie (D:7)
  A hound zombie (Ossuary)
  4 mummies (Ossuary)
  A hound skeleton (D:6)
  7 adders
  13 gnolls
  3 white imps (D:8)
  An ufetubus (D:7)
  An adder skeleton (D:4)
  2 adder zombies
  4 worms
  4 giant geckos
  25 orcs
  A ball python (D:3)
  12 giant cockroaches
  4 goblins
  6 hobgoblins
  2 jackals (D:4)
  A quokka (D:2)
  11 bats
  10 giant newts
  A goblin zombie (Ossuary)
  2 jackal zombies
  4 kobolds
  A kobold zombie (Ossuary)
  An orc zombie (Ossuary)
  12 rats
  A rat zombie (Ossuary)
191 creatures vanquished.

Vanquished Creatures (collateral kills)
  A yak (D:7)
  An ogre (D:7)
2 creatures vanquished.

Vanquished Creatures (others)
  A goblin zombie (Ossuary)
  A rat zombie (Ossuary)
2 creatures vanquished.

Grand Total: 195 creatures vanquished

Notes
Turn   | Place    | Note
--------------------------------------------------------------
     0 | D:1      | abixa the Ghoul Monk began the quest for the Orb.
     0 | D:1      | Reached XP level 1. HP: 19/19 MP: 0/0
   103 | D:1      | Reached XP level 2. HP: 24/26 MP: 1/1
   126 | D:1      | Reached skill level 5 in Unarmed Combat
   386 | D:1      | Reached XP level 3. HP: 16/31 MP: 2/2
  1028 | D:2      | Reached skill level 6 in Unarmed Combat
  1028 | D:2      | Reached XP level 4. HP: 28/37 MP: 3/3
  1336 | D:3      | Reached XP level 5. HP: 39/46 MP: 4/4
  1835 | D:3      | Reached XP level 6. HP: 55/55 MP: 5/5
  1989 | D:3      | Found a radiant altar of Vehumet.
  2265 | D:3      | Reached skill level 5 in Fighting
  2265 | D:3      | Reached skill level 7 in Unarmed Combat
  2593 | D:4      | Found a sand-covered staircase.
  2678 | Ossuary  | Entered an ossuary
  2714 | Ossuary  | Reached XP level 7. HP: 45/62 MP: 6/6
  2744 | Ossuary  | Reached skill level 1 in Armour
  3782 | D:5      | Entered Level 5 of the Dungeon
  3819 | D:4      | Reached XP level 8. HP: 35/69 MP: 7/7
  4008 | D:5      | Reached skill level 5 in Armour
  4050 | D:5      | Found a burning altar of Makhleb.
  4055 | D:5      | Found a shadowy altar of Dithmenos.
  4059 | D:5      | Became a worshipper of Makhleb the Destroyer
  4059 | D:5      | Acquired Makhleb's first power
  4059 | D:5      | Acquired Makhleb's second power
  4074 | D:5      | Reached skill level 1 in Invocations
  4161 | D:5      | Reached skill level 8 in Unarmed Combat
  4896 | D:6      | Reached skill level 5 in Invocations
  4896 | D:6      | Reached XP level 9. HP: 48/75 MP: 10/12
  4918 | D:6      | Reached skill level 9 in Unarmed Combat
  5461 | D:6      | Acquired Makhleb's third power
  5670 | D:7      | Found a staircase to the Ecumenical Temple.
  5676 | Temple   | Entered the Ecumenical Temple
  5769 | D:7      | Found an iron altar of Okawaru.
  5962 | D:7      | Found Tequef's Distillery.
  6070 | D:6      | Reached skill level 10 in Unarmed Combat
  6342 | D:7      | Identified the Handbook of Supportive Snow
  6693 | D:8      | Noticed a death yak
  6770 | D:7      | Noticed a smoke demon
  7123 | D:8      | Reached skill level 11 in Unarmed Combat
  7154 | D:8      | Reached XP level 10. HP: 82/82 MP: 13/13
  7157 | D:8      | Found an opulent altar of Gozag.
  7158 | D:8      | Found a basalt altar of Yredelemnul.
  7356 | D:7      | Killed a death yak
  7362 | D:7      | HP: 4/83 [yak (4)]
  7363 | D:7      | Slain by a yak

Vault maps used:
D:1:      sevenhm_arrival_forest_fort_small_2
D:3:      nicolae_overflow_hidden_temple, first_bread
D:4:      nicolae_ossuary_entry_ruins
D:5:      grunt_temple_overflow_open, hangedman_decor_push
D:6:      wad_guarded_room
D:7:      statuecave_lemuel, lemuel_crystal_altar, minmay_temple_entry_hall,
          serial_shops, nicolae_shop_behind_doors
D:8:      gammafunk_temple_overflow_forgotten, minitemple, serial_ice,
          serial_ice_b, serial_ice_o, serial_ice_j, serial_ice_c, serial_ice_d,
          serial_ice_a, serial_ice_h, serial_ice_n, serial_ice_e, serial_ice_g,
          grunt_livestock, fedhas_altar_4
Temple:   corrupted_temple
Ossuary:  ossuary_minmay_tomb_2a

Action                   |  1- 3 |  4- 6 |  7- 9 | 10-12 || total
-------------------------+-------+-------+-------+-------++-------
Melee: Unarmed           |   121 |   200 |   459 |    53 ||   833
Throw: Stone             |       |    11 |     6 |       ||    17
Invok: Minor Destruction |       |       |     7 |     6 ||    13
       Lesser Servant of |       |       |     2 |     1 ||     3
  Use: Scroll            |       |     5 |    11 |       ||    16
 Stab: Sleeping          |     2 |     5 |       |       ||     7
  Eat: Chunk             |    10 |    21 |    39 |     1 ||    71
